 Dungeon Crawl Stone Soup version 0.28.0-43-g3370ac3207 (webtiles) character file.

Game seed: 7232288262669839860

392 rlgrobin the Digger (level 6, -12/35 HPs)
             Began as a Gargoyle Earth Elementalist on Mar 3, 2022.
             Mangled by a two-headed ogre
             ... wielding a +0 giant club
              (16 damage)
             ... on level 4 of the Dungeon.
             The game lasted 00:07:22 (4546 turns).

rlgrobin the Digger (Gargoyle Earth Elementalist)   Turns: 4546, Time: 00:07:23

Health: -12/35     AC: 11    Str: 13    XL:     6   Next: 80%
Magic:  8/11       EV: 10    Int: 16    God:
Gold:   207        SH:  0    Dex: 10    Spells: 6/12 levels left

rFire   . . .      SeeInvis .   a - +1 short sword (venom)
rCold   . . .      Faith    .   (no shield)
rNeg    + . .      Spirit   .   g - +0 ring mail
rPois   ∞          Reflect  .   (no helmet)
rElec   +          Harm     .   (no cloak)
rCorr   .          Rampage  .   t - +0 pair of gloves
Will    .....                   (no boots)
Stlth   +.........              (no amulet)
HPRegen 0.11/turn               (no ring)
MPRegen 0.12/turn               (no ring)

@: no status effects
A: sickness immunity, AC +4, negative energy resistance 1, electricity
resistance, torment resistance 1, petrification resistance
a: no special abilities


You were on level 4 of the Dungeon.
You visited 1 branch of the dungeon, and saw 4 of its levels.

You collected 207 gold pieces.

Inventory:

Hand Weapons
 a - a +1 short sword of venom (weapon)
 b - a +2 dagger of holy wrath
Missiles
 c - 121 stones
Armour
 g - a +0 ring mail (worn)
 t - a +0 pair of gloves (worn)
Magical Staves
 r - a staff of poison
Jewellery
 v - a ring of fire
Scrolls
 e - 2 scrolls of noise {unknown}
 f - a scroll of enchant armour {unknown}
 j - a scroll of silence {unknown}
 k - a scroll of teleportation {unknown}
 l - a scroll of magic mapping {unknown}
 m - a scroll of vulnerability {unknown}
 n - a scroll of immolation {unknown}
 o - a scroll of fear {unknown}
 p - 2 scrolls of identify {unknown}
 s - a scroll of fog {unknown}
Potions
 d - a potion of heal wounds {unknown}
 h - 2 potions of flight {unknown}
 i - a potion of resistance {unknown}
 q - a potion of curing {unknown}
 u - a potion of lignification {unknown}


   Skills:
 - Level 2.0 Fighting
 - Level 2.0 Short Blades
 + Level 3.0 Armour
 - Level 1.5 Dodging
 - Level 2.1 Stealth
 + Level 3.7 Spellcasting
 - Level 0.7 Transmutations
 + Level 5.6 Earth Magic


You had 6 spell levels left.
You knew the following spells:

 Your Spells              Type           Power      Damage    Failure   Level
a - Sandblast             Erth           40%        2d10      3%          1
b - Stone Arrow           Conj/Erth      22%        3d8       34%         3
q - Passwall              Tmut/Erth      10%        N/A       14%         2

Your spell library contained the following spells:

 Spells                   Type           Power      Damage    Failure   Level
 Petrify                  Tmut/Erth      13%        N/A       67%         4
 Summon Guardian Golem    Hex/Summ       3%         N/A       71%         3
 Irradiate                Conj/Tmut      2%         3d14      100%        5
 Orb of Destruction       Conj           1%         9d5       100%        7
 Spellforged Servitor     Conj/Summ      1%         N/A       100%        7
 Sublimation of Blood     Necr           Unusable   N/A       N/A         2

Dungeon Overview and Level Annotations

Branches:
Dungeon (4/15)
 Temple: D:4-7

Altars:

Annotations:
D:4 exclusion: two-headed ogre, Robin


Innate Abilities, Weirdness & Mutations

You are immune to sickness and miasma.
Your stone body is resilient. (AC +4)
You are immune to poison.
You resist negative energy. (rN+)
You are resistant to electric shocks. (rElec)
You are resistant to unholy torment.
You are immune to petrification.


Message History

The scorpion stings you.
* * * LOW HITPOINT WARNING * * *
You take 5 damage, and have 21/35 hp.
The scorpion stings you.
* * * LOW HITPOINT WARNING * * *
You take 3 damage, and have 19/35 hp.
Things that are here:
a +1 flail of holy wrath; a gnoll skeleton The scorpion stings you.
* * * LOW HITPOINT WARNING * * *
You take 1 damage, and have 18/35 hp.
Casting: Sandblast (safe; 3% risk of failure)
Confirm with . or Enter, or press ? or * to list all spells.
Aiming: Sandblast (safe; 3% risk of failure)
Press: ? - help, Shift-Dir - straight line, f - scorpion
Aim: a scorpion (81% to hit)
The blast of sand hits the scorpion but does no damage.
The scorpion stings you but does no damage.
Casting: Sandblast (safe; 3% risk of failure)
Confirm with . or Enter, or press ? or * to list all spells.
Aiming: Sandblast (safe; 3% risk of failure)
Press: ? - help, Shift-Dir - straight line, f/p - scorpion
Aim: a scorpion (81% to hit)
The blast of sand hits the scorpion but does no damage.
The scorpion closely misses you.
Unknown command.
Okay, then.
Unknown command.
Casting: Sandblast (safe; 3% risk of failure)
Confirm with . or Enter, or press ? or * to list all spells.
Aiming: Passwall (safe; 14% risk of failure)
Press: ? - help, Dir - move target, p - scorpion A rock wall.
You begin to meditate on the wall.
You continue meditating on the rock.
The two-headed ogre barely misses you.
The two-headed ogre hits you with a +0 giant club!
* * * LOW HITPOINT WARNING * * *
You continue meditating on the rock.
The two-headed ogre hits you with a +0 giant club!
You die...

### ### ###
#.#####.#########.#
#.......#@........#
#.#####.##O######.#
#.# #.##s# #.# #.#
#.##o# #.# ######
#.# #.##g# #.#
#..... #.# #.##.#
#.###.....
#.#####.##g#
#...).....
#.#<....##g#
#####.....
#.########.# ######


You could see a two-headed ogre, a scorpion, an orc and 3 goblins.

Vanquished Creatures
  A water moccasin (D:4)
  A jelly (D:4)
  A centaur skeleton (D:4)
  A hound skeleton (D:4)
  A gnoll (D:4)
  10 adders
  2 worms (D:2)
  4 dart slugs
  6 orcs
  9 ball pythons
  5 endoplasms
  10 giant cockroaches
  6 goblins
  8 hobgoblins
  2 jackals (D:1)
  4 quokkas
  7 bats
  7 frilled lizards
  10 kobolds
  5 rats
100 creatures vanquished.

Vanquished Creatures (others)
  9 plants (D:2)
9 creatures vanquished.

Grand Total: 109 creatures vanquished

Notes
Turn   | Place    | Note
-------+----------+-------------------------------------------
     0 | D:1      | rlgrobin the Gargoyle Earth Elementalist began the quest
                  | for the Orb.
     0 | D:1      | Reached XP level 1. HP: 10/10 MP: 3/3
   206 | D:1      | Reached skill level 4 in Earth Magic
   206 | D:1      | Reached XP level 2. HP: 15/15 MP: 1/5
  1005 | D:1      | Reached XP level 3. HP: 17/20 MP: 6/6
  1008 | D:1      | Learned a level 2 spell: Passwall
  1012 | D:1      | Learned a level 3 spell: Stone Arrow
  1754 | D:2      | Reached skill level 1 in Fighting
  1754 | D:2      | Reached XP level 4. HP: 24/25 MP: 6/8
  2115 | D:2      | Reached skill level 1 in Short Blades
  2145 | D:2      | Reached skill level 1 in Armour
  2790 | D:3      | Reached XP level 5. HP: 12/29 MP: 5/9
  4056 | D:4      | Noticed a two-headed ogre
  4099 | D:4      | Reached skill level 5 in Earth Magic
  4110 | D:4      | Reached XP level 6. HP: 24/35 MP: 9/11
  4406 | D:4      | Noticed a water moccasin
  4411 | D:4      | Killed a water moccasin
  4446 | D:4      | Identified the +4 robe of the Skies Above {Dex+3}
  4492 | D:4      | Noticed Robin
  4546 | D:4      | Mangled by a two-headed ogre

Illustrated notes

Levels and vault maps discovered:
D:1:      giann_horns, layout_basic
D:2:      minmay_razor_zed, layout_basic, nrook_uturn, serial_bayou_ford_a,
          minmay_unequal
D:3:      layout_loops_corners
D:4:      minmay_clustersquares, layout_basic, uniq_robin

Skill      XL: |  1  2  3  4  5  6 |
---------------+-------------------+-----
Earth Magic    | 4 5 |  5.6
Fighting       | 1 2 |  2.0
Short Blades   | 1 2 |  2.0
Armour         | 1 2 3 |  3.0
Spellcasting   | 3 |  3.7
Dodging        | |  1.5
Stealth        | |  2.1
Transmutations | |  0.7

Action                   |  1- 3 |  4- 6 || total
-------------------------+-------+-------++-------
Melee: Unarmed           |    17 |       ||    17
       Short sword       |    74 |   165 ||   239
       Punch             |     1 |     4 ||     5
       Dagger            |       |     5 ||     5
 Cast: Sandblast         |    17 |    21 ||    38
       Passwall          |       |     1 ||     1
 Stab: Sleeping          |     4 |     1 ||     5
Armor: Robe              |    33 |       ||    33
       Ring mail         |    22 |    83 ||   105
Dodge: Dodged            |    64 |    84 ||   148
